 Dungeon Crawl Stone Soup version 0.27-a0-1200-g94dc6ad4cf (webtiles) character file.

Game seed: 16045005702416551196

7 spiderkeys the Skirmisher (level 2, -3/24 HPs)
             Began as a Merfolk Abyssal Knight on June 1, 2021.
             Was a Follower of Lugonu.
             Slain by a small abomination (20 damage)
             ... on level 1 of the Abyss.
             The game lasted 00:00:11 (102 turns).

spiderkeys the Skirmisher (Merfolk Abyssal Knight)   Turns: 102, Time: 00:00:11

Health: -3/24      AC:  3    Str: 12    XL:     2   Next: 0%
Magic:  3/3        EV: 12    Int: 11    God:    Lugonu [*.....]
Gold:   0          SH:  0    Dex: 13    Spells: 1/1 levels left

rFire    . . .     SeeInvis .   a - +1 spear
rCold    . . .     Faith    .   (no shield)
rNeg     . . .     Spirit   .   b - +0 leather armour
rPois    .         Reflect  .   (no helmet)
rElec    .         Harm     .   (no cloak)
rCorr    .         Rampage  .   (no gloves)
Will     .....                  (no boots)
Stlth    +.........             (no amulet)
HPRegen  0.08/turn              (no ring)
MPRegen  0.08/turn              (no ring)

@: no status effects
A: (nimble swimmer 2), mertail
a: Renounce Religion, Depart the Abyss


You were on level 1 of the Abyss.
You worshipped Lugonu.
Lugonu was aware of your devotion.
You visited 0 branches of the dungeon, and saw 0 of its levels.
You visited the Abyss 1 time.


Innate Abilities, Weirdness & Mutations

((You are quick and stealthy near water. (Stealth+, EV+, Speed+++)))
Your lower body shifts to a powerful aquatic tail in water.


   Skills:
 + Level 3.4 Fighting
 + Level 3.2 Polearms
 + Level 0.8 Armour
 + Level 2.9 Dodging
 + Level 2.1 Invocations


You had one spell level left.
You didn't know any spells.
Your spell library was empty.

Inventory:

Hand Weapons
 a - a +1 spear (weapon)
Missiles
 c - 22 stones
Armour
 b - a +0 leather armour (worn)

Dungeon Overview and Level Annotations

Branches:
Dungeon (0/15)

Altars:

# # #.
.#.##
.... #..#
#..#
###..#
#.#@#
#..x#
#..##.#
#. #.###
#.#.
##..## #.
...###..#
. #.. ..#
#....#
###..#


You could see a small abomination.


Message History

🤖 Initializing magus.rc ...
Options error: Delay interrupt name "hungry" not recognised. (~/.crawlrc:4988) ✅ Successfully initialized magus.rc [v1.9.10] Welcome, spiderkeys the Merfolk Abyssal Knight.
The bosom of this dungeon contains the fabled artefact, the Orb of Zot.
Lugonu says: Depart the Abyss and spread corruption, my servant! (use the ability menu to exit the Abyss) Press ? for a list of commands and other information.
Found a corrupted altar of Lugonu.
There is a corrupted altar of Lugonu here.
c - a scroll labelled XOASHR LIAGEOTS Unknown command.
As you read the scroll labelled XOASHR LIAGEOTS, it crumbles to dust.
It is a scroll of amnesia.
You feel forgetful for a moment.
c - 22 stones A white imp appears in a shower of sparks.
The white imp shouts, "Surrender, thou beslubbering doghearted deadneck!"
A white imp is nearby!
You hit the white imp but do no damage. You hit the white imp.
The white imp hits you. The white imp freezes you. 😕 HP[-4]
You take 4 damage, and now have 14/18 hp.
MASSIVE DAMAGE!! (PAUSE)
You hit the white imp. The white imp closely misses you.
You barely miss the white imp.
The white imp barely misses you. 😕 HP[+1]
You hit the white imp but do no damage. The white imp hits you.
The white imp freezes you. 😮 HP[-4]
You take 4 damage, and now have 11/18 hp.
MASSIVE DAMAGE!! (PAUSE)
You closely miss the white imp.
The white imp hits you but does no damage.
You hit the white imp.
You kill the white imp!
You have reached level 2! 😮 HP[+3] MP[+1]
You now have 24 max hp (+6).
You regained 3 hp, and now have 14/24 hp.
Your mp is fully restored (3).
A large abomination comes into view. 😮 HP[+2]
You regained 2 hp, and now have 16/24 hp.
A small abomination comes into view. 😮 HP[+1]
The small abomination barely misses you.
The small abomination hits you!!
Ouch! That really hurt!
You die...

Action                   || total
-------------------------++-------
Melee: Spear             ||     7
  Use: Scroll            ||     1
Armor: Leather armour    ||     1
Dodge: Dodged            ||     3

Levels and vault maps discovered:
Abyss:1:  base: Temple, base:
Temple

Notes
Turn   | Place    | Note
-------+----------+-------------------------------------------
     0 | Abyss:1  | spiderkeys the Merfolk Abyssal Knight began the quest for
                  | the Orb.
     0 | Abyss:1  | Reached XP level 1. HP: 18/18 MP: 2/2
     0 | Abyss:1  | magus.rc [v1.9.10]
    70 | Abyss:1  | Reached XP level 2. HP: 14/24 MP: 3/3
    91 | Abyss:1  | Noticed a large abomination
    94 | Abyss:1  | Noticed a small abomination
   102 | Abyss:1  | Slain by a small abomination

Vanquished Creatures
  A white imp (Abyss:1)
1 creature vanquished.

Table legend:
 A = Non-vault XP
 B = Vault XP
 C = Vault XP percentage of total XP
 D = Non-vault monster count
 E = Vault monster count
 F = Vault count percentage of total count
                 A         B        C        D         E       F
            +---------+---------+-------+---------+---------+-------
      Total |      10 |       0 |   0.0 |       1 |       0 |   0.0
            +---------+---------+-------+---------+---------+-------
    Abyss:1 |      10 |       0 |   0.0 |       1 |       0 |   0.0
            +---------+---------+-------+---------+---------+-------

Illustrated notes

Table legend:
 A = Kills in this place as a percentage of kills in entire the game.
 B = Kills by you in this place as a percentage of kills by you in the entire game.
 C = Kills by friends in this place as a percentage of kills by friends in the entire game.
 D = Other kills in this place as a percentage of other kills in the entire game.
 E = Experience gained in this place as a percentage of experience gained in the entire game.
 F = Experience gained in this place divided by the number of levels of this place that you have seen.
                   A       B       C       D       E      F
               +-------+-------+-------+-------+-------+----------------------
         Total | 100.0 | 100.0 |   N/A |   N/A | 100.0 |  10.0
         Abyss | 100.0 | 100.0 |   N/A |   N/A | 100.0 |  10.0
               +-------+-------+-------+-------+-------+----------------------

Table legend: (Time is in decaauts)
 A = Elapsed time spent in this place.
 B = Non-inter-level travel time spent in this place.
 C = Inter-level travel time spent in this place.
 D = Time resting spent in this place.
 E = Time spent auto-exploring this place.
 F = Levels seen in this place.
 G = Mean time per level.
                   A        B        C        D        E       F      G
               +--------+--------+--------+--------+--------+-----+--------+
         Total |    101 |    101 |      0 |      0 |     81 |   1 |  101.0 |
         Abyss |    101 |    101 |      0 |      0 |     81 |   1 |  101.0 |
               +--------+--------+--------+--------+--------+-----+--------+

Top non-repeatable levels by time:
 Abyss:1: 101 daAuts
